Cogmind - Beta 13 *** ADVENTURER MODE // 2024.05.25 @ 21:47:45 Player: Fushiii Result: Destroyed by G-34 Mercenary with Small Laser Performance ------------- Evolutions (1) 500 Regions Visited (4) 800 Robots Destroyed (65) 325 Value Destroyed (1583) 1583 Prototype IDs (1) 20 Alien Tech Used (0) 0 Bonus (251) 251 TOTAL SCORE: 3479 Bonus ------- High Alert Combat Kills 51 Entered Garrisons 200 Cogmind --------- Core Integrity 0/400 Matter 183/300 Energy 162/450 System Corruption 2% Temperature Critical (707) Movement Treading (240) Ox1 Location -9/Garrison Parts ------- > --- POWER (2) -------- Ion Engine > --- PROPULSION (2) --- Improved Treads > --- UTILITY (3) ------ Medium Storage Unit Compact Battery Drone Bay (1/2) > --- WEAPON (2) ------- Beam Rifle > --- INVENTORY (10) --- Heat Sink Small Storage Unit Structural Scanner Sensor Array Terrain Scanner Terrain Scan Processor Peak State ------------ > --- POWER ------------ Ion Engine Improved Ion Engine > --- PROPULSION ------- Light Treads Improved Treads > --- UTILITY ---------- Medium Storage Unit Core Shielding Drone Bay > --- WEAPON ----------- Advanced Beam Cannon Advanced Beam Cannon > --- INVENTORY -------- Ion Engine Improved Treads Heat Sink Small Storage Unit Compact Battery Structural Scanner Sensor Array Terrain Scanner Terrain Scan Processor Beam Rifle [Rating: 20] Favorites ----------- Power Ion Engine Engine Ion Engine Propulsion Light Treads Treads Light Treads Wheel Wheel Utility Medium Storage Unit Device Structural Scanner Storage Medium Storage Unit Protection Core Shielding Weapon Shock Rifle Energy Gun Shock Rifle Energy Cannon Advanced Beam Cannon Ballistic Gun Assault Rifle Build | -11 -10 -9 -9 -9 ------- Run | Yrd Mat Mat Sto Gar Slots Evolved 2 | . . 2 . . Power 1 | . . 1 . . Propulsion . | . . . . . Utility 1 | . . 1 . . Weapon . | . . . . . Parts Attached 51 | 8 4 11 23 5 Power 16 | 1 1 5 8 1 Engine 16 | 1 1 5 8 1 Core . | . . . . . Reactor . | . . . . . Propulsion 12 | 4 . . 7 1 Treads 9 | 2 . . 6 1 Leg . | . . . . . Wheel 3 | 2 . . 1 . Hover . | . . . . . Flight . | . . . . . Utility 9 | 1 2 2 2 2 Device 5 | . 1 1 2 1 Storage 3 | 1 1 . . 1 Processor . | . . . . . Hackware . | . . . . . Protection 1 | . . 1 . . Artifact . | . . . . . Weapon 14 | 2 1 4 6 1 Energy Gun 11 | 1 1 4 4 1 Energy Cannon 2 | . . . 2 . Ballistic Gun 1 | 1 . . . . Ballistic Cannon . | . . . . . Launcher . | . . . . . Special Weapon . | . . . . . Impact Weapon . | . . . . . Slashing Weapon . | . . . . . Piercing Weapon . | . . . . . Special Melee Weapon . | . . . . . Unidentified Prototypes 1 | . . . 1 . Parts Lost 10 | . . 1 2 7 Power 2 | . . . . 2 Propulsion 3 | . . . 1 2 Utility 2 | . . 1 . 1 Weapon 3 | . . . 1 2 Highest Loss Streak 7 | . . 1 1 7 To Critical Strikes . | . . . . . Average Slot Usage (%) 97 | . 97 97 98 92 Engine 19 | . 14 21 21 19 Treads 22 | . 28 22 20 19 Device 10 | . 11 10 11 2 Storage 12 | . 14 11 11 19 Protection 8 | . . 10 11 8 Energy Gun 17 | . 20 21 17 . Energy Cannon 3 | . . . 3 20 Ballistic Gun 1 | . 7 . . . Naked Turns . | . . . . . Heaviest Build 37 | 12 20 30 37 37 Greatest Support 46 | 40 40 40 46 43 Greatest Overweight (x) 6 | . . . 2 6 Average Overweight (x) . | . . . . . Largest Inventory Capacity 10 | 8 10 10 10 10 Average Capacity 9 | 7 8 10 10 10 Most Carried 10 | 4 10 10 10 10 Average Carried 8 | 2 7 9 9 9 Final Capacity 10 | 8 10 10 10 10 Final Carried 10 | 4 10 10 10 6 Class Distribution -------------------- 97% | Mutant Dominant Class ---------------- Mutant | -10/Materials Mutant | -9/Materials Mutant | -9/Storage Mutant | -9/Garrison Resources | -11 -10 -9 -9 -9 ----------- Run | Yrd Mat Mat Sto Gar Matter Collected 772 | 207 154 92 254 65 Remotely . | . . . . . Salvage Created 2567 | . 154 392 1720 301 Parts 165 | . 19 29 97 20 Haulers Intercepted 4 | . . . 4 . Recyclers Shooed 3 | . . 1 2 . Parts Field Recycled . | . . . . . Retrieved Matter . | . . . . . Parts Self-Destructed . | . . . . . Prevented . | . . . . . Kills | -11 -10 -9 -9 -9 ------- Run | Yrd Mat Mat Sto Gar Combat Hostiles Destroyed 43 | . 2 7 27 7 Guns 30 | . 2 6 21 1 Cannons 9 | . . . 4 5 AOE 3 | . . 1 2 . Classes Destroyed 10 | . 3 3 3 1 Worker 5 | . . . 5 . Builder 3 | . 1 1 1 . Hauler 4 | . . . 4 . Recycler 3 | . . 1 2 . Operator 1 | . . . 1 . Watcher 6 | . 2 2 2 . Swarmer 9 | . . 3 6 . Grunt 23 | . 2 3 14 4 Duelist 1 | . . . . 1 Sentry 10 | . . 1 7 2 Best Kill Streak 7 | . 3 4 7 7 Combat Bots Only 7 | . 2 3 6 7 Max Kills in Single Turn 2 | . 1 1 2 2 Gunslinging 1 | . . . 1 . Exploded 2 | . . 1 2 . Melee . | . . . . . Uniques/NPCs Destroyed . | . . . . . Combat | -11 -10 -9 -9 -9 -------- Run | Yrd Mat Mat Sto Gar Hostile Shots Fired 249 | . 10 44 79 116 Missed 54 | . 3 12 16 23 Damage Taken 2011 | . 65 255 681 1010 Core 434 | . 32 22 71 309 Absorbed by Shields . | . . . . . Redirected to Shielding 53 | . . 2 12 39 Ignored by Resistances 577 | . 20 84 201 272 Regen/Repaired (Parts) 79 | . . 14 65 . Core Remaining (%) 93 | 100 87 . . . Volleys Fired 113 | 2 17 25 56 13 Largest 2 | 2 2 2 2 2 Hottest 136 | 60 90 100 136 136 Shots Fired 221 | 4 34 50 110 23 Gun 185 | 4 34 50 96 1 Cannon 36 | . . . 14 22 Launcher . | . . . . . Special . | . . . . . Kinetic 17 | 2 15 . . . Thermal 65 | . 2 21 19 23 Explosive . | . . . . . Electromagnetic 139 | 2 17 29 91 . Robot Hit Streak 19 | 2 10 8 18 19 Robot Miss Streak 3 | . 1 3 1 2 Penetration Max . | . . . . . Secondary Targets 4 | . . 1 3 . Max Gunslinging Chain 1 | . . 1 1 . Shots Hit Robots 149 | 2 16 28 87 16 Core Hits 75 | . 8 15 45 7 Critical Kills 1 | . . . . 1 Critical Parts Destroyed . | . . . . . Critical Strikes 6 | . . 1 4 1 Burn 1 | . . 1 . . Meltdown 1 | . . . . 1 Corrupt 4 | . . . 4 . Melee Attacks . | . . . . . Impact . | . . . . . Slashing . | . . . . . Piercing . | . . . . . Sneak Attacks . | . . . . . Combat Hostiles . | . . . . . Follow-up Attacks . | . . . . . Damage Inflicted 3087 | 40 246 485 1931 385 Guns 2075 | 40 243 411 1366 15 Cannons 597 | . . . 227 370 Explosions 412 | . . 74 338 . Melee . | . . . . . Ramming 3 | . 3 . . . Kinetic 141 | 12 129 . . . Thermal 1195 | . 13 188 609 385 Explosive . | . . . . . Electromagnetic 1748 | 28 101 297 1322 . Impact . | . . . . . Slashing . | . . . . . Piercing . | . . . . . Highest Corruption 2 | . . . 2 2 Average Corruption 1 | . . . 1 2 Corruption Purged . | . . . . . Corruption Blocked . | . . . . . Effects 11 | . . . 9 2 Message Errors 4 | . . . 4 . Matter Fused 1 | . . . 1 . Heat Flow Errors 1 | . . . . 1 Energy Discharges 3 | . . . 3 . Data Loss (minor) 1 | . . . . 1 Alerts 1 | . . . 1 . Overload Shots . | . . . . . Overflow Damage 3 | . . . 3 . Projectiles . | . . . . . Explosions 3 | . . . 3 . Melee . | . . . . . Knockbacks 1 | . 1 . . . Impact 1 | . 1 . . . Kinetic . | . . . . . Secondary . | . . . . . Self-Inflicted Damage 61 | . . . 61 . Shots 2 | . . . 2 . Rammed 1 | . 1 . . . Targets Rammed 1 | . 1 . . . Kicked . | . . . . . Crushed . | . . . . . Highest Temperature 1006 | . 48 290 444 1006 Average Temperature 145 | . 28 95 104 472 Received Heat Transfer 1062 | . 48 90 309 615 Effects 26 | . . 1 2 23 Shutdowns 7 | . . . 1 6 Energy Bleed 3 | . . 1 . 2 Interference 1 | . . . . 1 Matter Decay 4 | . . . . 4 Short Circuit 4 | . . . . 4 Damage (minor) 3 | . . . 1 2 Damage (major) 2 | . . . . 2 Damage (core) 2 | . . . . 2 Siege Activations . | . . . . . Robots Corrupted 3 | . . . 3 . Combat Hostiles . | . . . . . Parts Fried 8 | . . . 8 . Impact Corruptions . | . . . . . Robots Melted 1 | . . . . 1 Combat Hostiles 1 | . . . . 1 Parts Melted 4 | . . 2 2 . Heat Transferred 2204 | . 37 507 957 703 Parts Sabotaged . | . . . . . Parts Stolen . | . . . . . Parts Stripped . | . . . . . Power Chain Reactions 6 | . . 1 5 . Alert | -11 -10 -9 -9 -9 ------- Run | Yrd Mat Mat Sto Gar Peak Influence 465 | . 92 235 465 311 Initial 176 | . . 10 15 176 Average 141 | . 43 101 200 204 Maximum Alert Level 2 | . . 1 2 1 Low Security (%) 70 | 100 100 95 46 69 Level 1 26 | . . 4 47 30 Level 2 3 | . . . 6 . Level 3 . | . . . . . Level 4 . | . . . . . Level 5 . | . . . . . High Security . | . . . . . Max Security . | . . . . . Squads Dispatched 7 | . . 1 6 . Investigation 2 | . . 1 1 . Extermination . | . . . . . Reinforcement . | . . . . . Assault . | . . . . . Garrison 5 | . . . 5 . Intercept . | . . . . . Searches Triggered . | . . . . . Construction Impeded . | . . . . . Haulers Reinforced . | . . . . . Active Scanning Responses . | . . . . . Cargo Convoy Interrupts . | . . . . . Stealth | -11 -10 -9 -9 -9 --------- Run | Yrd Mat Mat Sto Gar Distress Signals 2 | . . 1 1 . Communications Jammed . | . . . . . Distress Signals . | . . . . . Times Spotted 55 | . 5 14 25 11 Peak Tracking Total 8 | . 3 4 5 8 Tactical Retreats . | . . . . . Traps | -11 -10 -9 -9 -9 ------- Run | Yrd Mat Mat Sto Gar Traps Triggered 6 | . . 1 5 . Indirectly . | . . . . . Trap Hack Attempts . | . . . . . Triggered . | . . . . . Disarmed . | . . . . . Reprogrammed . | . . . . . Reused . | . . . . . Traps Extracted . | . . . . . Installed . | . . . . . Triggered . | . . . . . Machines | -11 -10 -9 -9 -9 ---------- Run | Yrd Mat Mat Sto Gar Machines Disabled 3 | . 1 1 1 . Max in Single Turn 1 | . 1 1 1 . Machines Repaired . | . . . . . Machines Dismantled . | . . . . . Machines Sabotaged . | . . . . . Overloaded Fab Kills . | . . . . . Hacking | -11 -10 -9 -9 -9 --------- Run | Yrd Mat Mat Sto Gar Machines Accessed 10 | . 1 1 8 . Terminals 6 | . 1 . 5 . Fabricators . | . . . . . Repair Stations 3 | . . 1 2 . Recycling Units . | . . . . . Scanalyzers . | . . . . . Garrison Access 1 | . . . 1 . Total Hacks 26 | . 3 4 19 . Successful 19 | . 1 4 14 . Failed 7 | . 2 . 5 . Catastrophic . | . . . . . Database Lockouts . | . . . . . Manual 1 | . . . 1 . Terminals 11 | . 3 . 8 . Fabricators . | . . . . . Repair Stations 10 | . . 4 6 . Recycling Units . | . . . . . Scanalyzers . | . . . . . Garrison Access 5 | . . . 5 . Terminal Hacks 8 | . 1 . 7 . Record 2 | . . . 2 . Open Door 1 | . . . 1 . Alert Level 1 | . . . 1 . Locate Traps 3 | . 1 . 2 . Hauler Manifests 1 | . . . 1 . Fabricator Hacks . | . . . . . Repair Station Hacks 9 | . . 4 5 . Scan Component 5 | . . 2 3 . Repair 4 | . . 2 2 . Recycling Unit Hacks . | . . . . . Scanalyzer . | . . . . . Garrison Access Hacks 2 | . . . 2 . Unlock Access 1 | . . . 1 . Coupler Status 1 | . . . 1 . Unauthorized Hacks . | . . . . . Terminals . | . . . . . Fabricators . | . . . . . Repair Stations . | . . . . . Recycling Units . | . . . . . Scanalyzers . | . . . . . Garrison Access . | . . . . . Data Cores Recovered . | . . . . . Used . | . . . . . Hacking Detections 5 | . 1 1 3 . Full Trace Events 4 | . 1 1 2 . Feedback Events . | . . . . . Feedback Blocked . | . . . . . Robot Schematics Acquired . | . . . . . Robots Built . | . . . . . Authchips . | . . . . . Time . | . . . . . Total Robot Build Rating . | . . . . . Part Schematics Acquired . | . . . . . Parts Built . | . . . . . Authchips . | . . . . . Time . | . . . . . Total Part Build Rating . | . . . . . Parts Repaired 4 | . . 2 2 . Time 104 | . . 52 52 . Parts Recycled . | . . . . . Recycled Matter . | . . . . . Retrieved Matter . | . . . . . Retrieved Components . | . . . . . Parts Scanalyzed . | . . . . . Part Schematics Acquired . | . . . . . Parts Damaged . | . . . . . Bothacking | -11 -10 -9 -9 -9 ------------ Run | Yrd Mat Mat Sto Gar Used RIF Installer . | . . . . . Robots Hacked . | . . . . . Non-combat . | . . . . . Combat . | . . . . . Robot Hacks Applied . | . . . . . Relay Couplers Released . | . . . . . Fabnet Peak Effective % . | . . . . . Robots Rewired . | . . . . . Allies Hacked . | . . . . . Hacks Repelled . | . . . . . Allies | -11 -10 -9 -9 -9 -------- Run | Yrd Mat Mat Sto Gar Total Allies . | . . . . . Largest Group . | . . . . . Highest-Rated Group . | . . . . . Highest-Rated Ally . | . . . . . Total Orders . | . . . . . Ally Attacks . | . . . . . Total Damage . | . . . . . Kills . | . . . . . Allies Corrupted . | . . . . . Allies Melted . | . . . . . Intel | -11 -10 -9 -9 -9 ------- Run | Yrd Mat Mat Sto Gar Robot Analysis Total . | . . . . . Derelict Logs Recovered . | . . . . . Drone Launches 4 | . . . 2 2 Drone Recoveries 3 | . . . 2 1 Exploration | -11 -10 -9 -9 -9 ------------- Run | Yrd Mat Mat Sto Gar Turns Passed 2674 | 88 575 524 1324 163 Spaces Moved 1193 | 45 301 240 538 69 Core 4 | 1 . . . 3 Treads 1159 | 27 301 240 525 66 Legs . | . . . . . Wheels 30 | 17 . . 13 . Hover . | . . . . . Flight . | . . . . . Fastest Speed 50 | 50 160 160 110 160 Average Speed 164 | 127 160 160 172 167 Slowest Speed 350 | 160 160 160 240 350 Overloaded Moves . | . . . . . Propulsion Burnouts . | . . . . . Robots Hopped . | . . . . . Cave-ins Triggered . | . . . . . Exploration Rate (%) 29 | 3 41 22 57 25 Regions Visited 4 Branch Regions 1 Pre-discovered Areas . | . . . . . Known Exits Taken 1 | . . . 1 . Unknown Exits Taken 3 | 1 1 1 . . Scrap Searched . | . . . . . Spaces Dug . | . . . . . Terrain Destroyed 24 | . . 4 20 . Melee . | . . . . . Projectile . | . . . . . AOE 24 | . . 4 20 . Terrain Rammed . | . . . . . Walls Destroyed . | . . . . . Machines Disabled . | . . . . . Actions | -11 -10 -9 -9 -9 --------- Run | Yrd Mat Mat Sto Gar Total 1682 | 71 360 330 828 93 Wait 257 | 7 23 39 182 6 Move 1189 | 44 300 239 537 69 Hop . | . . . . . Pick Up 44 | 10 11 10 13 . Fast Attach 9 | . . 1 8 . Attach 20 | 6 1 5 4 4 Detach . | . . . . . Swap 22 | 2 3 5 11 1 Drop 27 | . 4 6 17 . Fire 113 | 2 17 25 56 13 Melee . | . . . . . Ram . | . . . . . Kick . | . . . . . Crush 1 | . 1 . . . Escape Stasis . | . . . . . Rewire . | . . . . . Trap . | . . . . . Miscellaneous . | . . . . . Route ------- -11/Scrapyard -10/Materials (discovered 2 exits: *Mat x2) -9/Materials -9/Storage -9/Garrison History --------- Turn | Location | Event 28 | -11/Scrapyard | Discovered new exit (range 16) 89 | -11/Scrapyard | Entered Materials 251 | -10/Materials | Discovered new exit (range 11) 327 | -10/Materials | Build established: Mutant 638 | -10/Materials | Discovered new exit (range 13) 664 | -10/Materials | Entered another Materials area 664 | -9/Materials | Evolved 2 slots: Power x1, Utility x1 818 | -9/Materials | Repaired Ion Engine 844 | -9/Materials | Repaired EM Pulse Gun 1020 | -9/Materials | Discovered new exit (range 6) 1188 | -9/Materials | Entered Storage 1258 | -9/Storage | Repaired Ion Engine 1490 | -9/Storage | Repaired Ion Engine 1810 | -9/Storage | Garrison activated, responded to threat 2351 | -9/Storage | Garrison activated, responded to threat 2511 | -9/Storage | Identified exit to Garrison 2512 | -9/Storage | Entered Garrison 2598 | -9/Garrison | Triggered checkpoint 2610 | -9/Garrison | Triggered checkpoint 2618 | -9/Garrison | Triggered checkpoint 2639 | -9/Garrison | Core integrity fell below 50% 2659 | -9/Garrison | Core integrity fell below 20% 2675 | -9/Garrison | Destroyed by G-34 Mercenary with Small Laser Last Messages --------------- 02656_ Ion Engine destroyed. 02659_ Adv. Beam Cannon broken. 02659_ Overheating: Short circuit. 02659_ Acquired 34 matter. 02660_ Adv. Beam Cannon destroyed. 02662_ Broken Adv. Beam Cannon destroyed. 02664_ Overheating: Com. Battery damaged (-5). 02665_ Overheating: Energy bleed (-75). 02665_ Critical hit (Burn: +37). 02666_ Overheating: Energy bleed (-23). 02666_ G-34 Mercenary destroyed. 02667_ Beam Rifle broken. 02667_ Overheating: Short circuit. 02670_ Drone released from Drone Bay. 02670_ Overheating: Med. Storage Unit damaged (-45). 02671_ Drone released from Drone Bay. 02672_ Drone retrieved by Drone Bay. 02673_ Power failure, Ion Engine shutdown. 02674_ Overheating: Matter decay (-22). Map ----- +----------------------------------------------------+ | ???????????????????????????????????????????????# | | ????????????????????????????????????###????????# | | ???????????????????????????????????? #????????# | | ????????????????????????????????????# #????????# | | ????????????????????????????????????# #????????# | | ????????????????????????????????????# #????????## | | ????????????????????????????????????# #?????????# | | ????????????????????????############# ########### | | ????????????????????????# | | ????????????????????????# | | ????????????????????????# #?####### ####### #### | | ????????????????????????# #???????# #????#! !#?? | | ????????????????????????# #???????# #????#! !#?? | | ????????????????????????# #???????# #????#####?? | | ??????????????????#####?# #???????# #??????????? | | ??????????????????# ?# #???????# #??????????? | | ?????????????###### ## ##??????# #??????????? | | ??????????#### ####+### #??????????? | | ?????????? #??????????? | | ?????????? ^???? | | ?????????????# ## ##^ ###################??? | | ?????????????# ## ## ###??????????????????? | | ?????????????" n #??????????????????? | | ?????????????" #??????????????????? | | ?????????????" =gg #??????????????????? | | ?????????????" *%=g=@ #??????????????????? | | ?????????????# ## g[## ###??????????????????? | | ?????????????# ## !%=## ######???????????????? | | ?????????????# [!%* #???????????? | | ?????????????# [*%== #???????????? | | ?????????????# =!=* ####### #???????????? | | ?????????????# ## ! ## ##????????????????????? | | ?????????????# ?# ## #?????????????????????? | | ?????????????# ??####### + ????????????????????? | | ?????????????# ?????????# ###???????????????????? | | ?????????????#??????????# #?????????????????????? | | ????????????????????????# #?????????????????????? | | ????????????????????????# #?????????????????????? | | ????????????????????????? #?????????????????????? | | ????????????????????????? ?????????????????????? | | ????????????????????????? ?????????????????????? | | ?????????????????????????###?????????????????????? | | ?????????????????????????????????????????????????? | | ?????????????????????????????????????????????????? | | ?????????????????????????????????????????????????? | | ?????????????????????????????????????????????????? | | ?????????????????????????????????????????????????? | | ?????????????????????????????????????????????????? | | ?????????????????????????????????????????????????? | | ?????????????????????????????????????????????????? | +----------------------------------------------------+ Best States ------------- Heat Dissipation 28 Energy Generation 17 Energy Capacity 615 Matter Stores 300 Matter Capacity 300 Sight Range 16 Terrain Scan Range 14 Terrain Scan Density 10 Resistance: KI 20 Resistance: TH 20 Resistance: EX 20 Resistance: EM 20 Resistance: I 20 Resistance: S 20 Resistance: P 20 Core Shielding 20 Evasion (%) 44 Recoil Reduction 2 Offensive Hacking 10 Item Schematics ----------------- None Robot Schematics ------------------ None Fabricated ------------ Nothing Alien Tech Used ----------------- None Achievements -------------- Loot Pinata Power Corrupts Shopping List Challenges ------------ None Game ------ Seed ConstructServoInterrupter Manual? 0 Play Time 00:38:32 Cumulative 2.8 hours Start 2024.05.25 @ 20:46:43 End 2024.05.25 @ 21:47:45 Sessions 1 Manual Loads 0 Difficulty Adventurer Special Mode None Game No. 5 Rogue 3 Adventurer 2 Explorer 0 Win Type - Total 0 Types 0/0/0/0/0/0/0/0/0 Lore% 1 Gallery% 6 Achievement% 6 Wizard Run 0 Options --------- Layout 1 ASCII 0 Keyboard 0 Movement Arrows Keybinds 0 Fullscreen 1 Font 24/Smallcaps Map View 50x35 Zoom Use 0% Tactical HUD 1 Map Filters NONE Filters NONE Steam 1 RUN: 6190d5f8-f8cb-404e-ae17-476e86d31c00